 Dungeon Crawl Stone Soup version 0.31-a0-157-g0643eb4156 (webtiles) character file.

Game seed: 772866616099233174

46 qw the Chopper (level 3, 0/23 HPs)
             Began as a Gargoyle Fighter on June 12, 2023.
             Slain by Sigmund
             ... wielding a +0 scythe
              (1 damage)
             ... on level 2 of the Dungeon.
             The game lasted 00:00:33 (1223 turns).

qw the Chopper (Gargoyle Fighter)                   Turns: 1223, Time: 00:00:34

Health: 0/23       AC: 10    Str: 21    XL:     3   Next: 66%
Magic:  3/3        EV:  9    Int:  8    God:
Gold:   39         SH:  4    Dex:  9    Spells: 2/2 levels left

rFire   . . .        Y - +0 war axe
rCold   . . .        c - +0 buckler
rNeg    + . .        b - +0 scale mail
rPois   inf          (no helmet)
rElec   +            (no cloak)
rCorr   .            (no gloves)
SInv    .            (no boots)
Will    .....        (no amulet) Stlth
                     (no ring)
HPRegen 0.23/turn    (no ring)
MPRegen 0.08/turn

%: no passive effects
@: no status effects
A: sickness immunity, AC +3, negative energy resistance 1, electricity
resistance, torment resistance 1, petrification resistance
a: no special abilities


You were on level 2 of the Dungeon.
You visited 1 branch of the dungeon, and saw 2 of its levels.

You collected 39 gold pieces.


Innate Abilities, Weirdness & Mutations

You are immune to sickness and miasma.
Your stone body is resilient. (AC +3)
You are immune to poison.
You resist negative energy. (rN+)
You are resistant to electric shocks. (rElec)
You are resistant to unholy torment.
You are immune to petrification.


   Skills:
 - Level 3.2 Fighting
 + Level 3.5 Axes
 - Level 3.2 Armour
 - Level 3.2 Shields


You had 2 spell levels left.
You didn't know any spells.
Your spell library was empty.

Inventory:

Hand Weapons
 e - a +0 club
 Y - a +0 war axe (weapon)
Armour
 b - a +0 scale mail (worn)
 c - a +0 buckler (worn)
Potions
 a - a potion of heal wounds {unknown}
 d - a potion of might
 h - a potion of degeneration {unknown}
 i - 2 potions of haste {unknown}

Dungeon Overview and Level Annotations

Branches:
Dungeon (2/15)

Altars:

Annotations:
D:2 Sigmund


Message History

Found a spear.
You see here a +0 spear.
A bat comes into view.
Found 8 stones and a book of the Hunter.
Enter note: You slash the bat!
You kill the bat!
You see here a bat corpse.
You see here 8 stones.
You see here a book of the Hunter.
Found a stone staircase leading down.
Enter note: Sigmund and a rat come into view.
Sigmund moves out of view.
Enter note:
1215 ||| Stepping ~*~*~tactically~*~*~ (hiding).
Enter note: You slash the rat!
You kill the rat!
Sigmund points at you and mumbles some strange words.
You resist with significant effort.
Sigmund screams, "You will never...
NEVER!!!"
Sigmund mumbles some strange words.
Sigmund flickers and vanishes!
Deactivating autopickup; reactivate with Ctrl-A.
You swing at nothing.
A puff of flame appears from out of thin air!
The puff of flame hits you!
You swing at nothing.
A magic dart appears from out of thin air!
The magic dart hits you but does no damage.
You swing at nothing.
Something hits you but does no damage.
You swing at nothing.
You swing at nothing.
Something hits you!
You swing at nothing.
A magic dart appears from out of thin air!
The magic dart hits you. Something hits you.
You die...

#.# #.# #.# #.#
#.# #.# #.# #.#
#.# #.# #.# #.#
#:# #.# #.# #
#(#
##.####.####.#.#
#.#
#>..............
####%#
#..####.........
.....#
#.....@.........
######
#.......{.......
#.....###'######
#..... '# ###
#..... .@ ..#
....... ... #.#
.....## ... #)#
..... #.#


There were no monsters in sight!

Vanquished Creatures
  3 dart slugs
  3 ball pythons
  2 endoplasms (D:1)
  3 giant cockroaches
  6 goblins
  9 hobgoblins (D:1)
  A quokka (D:1)
  4 bats
  2 kobolds (D:1)
  3 rats
36 creatures vanquished.

Notes
Turn   | Place    | Note
-------+----------+-------------------------------------------
     0 | D:1      | qw the Gargoyle Fighter began the quest for the Orb.
     0 | D:1      | Reached XP level 1. HP: 14/14 MP: 1/1
     0 | D:1      | 0 ||| qw: Version: 0.2-a-29-gc1b59c4
     0 | D:1      | 0 ||| qw: Game counter: 4138
     0 | D:1      | 0 ||| qw: Always use a shield: true
     0 | D:1      | 0 ||| qw: God list: Okawaru
     0 | D:1      | 0 ||| qw: Allow faded altars: false
     0 | D:1      | 0 ||| qw: Do Orc after D:15 true
     0 | D:1      | 0 ||| qw: Do second Lair branch before Depths: true
     0 | D:1      | 0 ||| qw: Lair rune preference: random
     0 | D:1      | 0 ||| qw: Plans: Normal, Zot:1-4, Slime:5, God:TSO, Crypt,
                  | Tomb, Abyss, Pan, Hells, Win
     0 | D:1      | 0 ||| PLANNING D:1-11
    95 | D:1      | 95 ||| Stepping ~*~*~tactically~*~*~ (stealth).
   104 | D:1      | Reached XP level 2. HP: 16/19 MP: 2/2
   120 | D:1      | 120 ||| Stepping ~*~*~tactically~*~*~ (stealth).
   434 | D:1      | Reached skill level 3 in Axes
   485 | D:1      | Reached XP level 3. HP: 23/23 MP: 3/3
   645 | D:1      | 645 ||| Stepping ~*~*~tactically~*~*~ (hiding).
   892 | D:1      | 892 ||| READING scroll labelled APTIUS IRROECE.
   893 | D:1      | 893 ||| READING scroll labelled YXZUL NEHOB.
   894 | D:1      | 894 ||| READING scroll labelled XESO CEXYNAE.
   895 | D:1      | 895 ||| READING scroll labelled JYOR MOGREUSMI.
   940 | D:2      | 940 ||| Stepping ~*~*~tactically~*~*~ (hiding).
   943 | D:2      | 943 ||| Stepping ~*~*~tactically~*~*~ (hiding).
  1212 | D:2      | Noticed Sigmund
  1215 | D:2      | 1215 ||| Stepping ~*~*~tactically~*~*~ (hiding).
  1223 | D:2      | HP: 1/23 [something/magic dart (6)]
  1223 | D:2      | Slain by Sigmund

Levels and vault maps discovered:
D:1:      nzn_arrival_depleted_hourglass, layout_basic,
          amcnicky_mini_corridor_feature, grunt_decor_mini_mirrors
D:2:      layout_basic, basic_ecumenical_altar, minmay_distorted, uniq_sigmund,
          uniq_natasha, uniq_jessica

Skill      XL: |  1  2 |
---------------+-------+-----
Axes           | 2 3 |  3.5
Fighting       | |  3.2
Armour         | |  3.2
Shields        | |  3.2

Action                     || total
---------------------------++-------
  Melee: War axe           ||    79
    Use: Scroll            ||     4
 Armour: Scale mail        ||    29
  Dodge: Dodged            ||    30
  Block: Buckler           ||    18

Table legend:
 A = Non-vault XP
 B = Vault XP
 C = Vault XP percentage of total XP
 D = Non-vault monster count
 E = Vault monster count
 F = Vault count percentage of total count
                 A         B        C        D         E       F
            +---------+---------+-------+---------+---------+-------
      Total |      64 |       2 |   3.0 |      35 |       1 |   2.8
            +---------+---------+-------+---------+---------+-------
        D:1 |      54 |       0 |   0.0 |      29 |       0 |   0.0
        D:2 |      10 |       2 |  16.7 |       6 |       1 |  14.3
            +---------+---------+-------+---------+---------+-------
